 Dungeon Crawl Stone Soup version 0.31-a0-236-g9a0961fb85 (webtiles) character file.

Game seed: 16603016959235018308

70 gruber the Cudgeller (level 4, 0/39 HPs)
             Began as a Minotaur Fighter on July 10, 2023.
             Killed by nerve-wracking pain
             ... invoked by an orc priest
              (14 damage)
             ... on level 3 of the Dungeon.
             The game lasted 00:01:16 (1465 turns).

gruber the Cudgeller (Minotaur Fighter)             Turns: 1465, Time: 00:01:17

Health: 0/39       AC:  6    Str: 22    XL:     4   Next: 4%
Magic:  3/3        EV:  9    Int:  5    God:
Gold:   153        SH:  4    Dex: 10    Spells: 3/3 levels left

rFire   . . .        a - +0 flail
rCold   + . .        c - +0 buckler
rNeg    . . .        b - +0 scale mail
rPois   .            (helmet restricted)
rElec   .            (no cloak)
rCorr   .            (no gloves)
SInv    .            (no boots)
Will    .....        (no amulet) Stlth
                     h - ring of protection from cold
HPRegen 0.26/turn    (no ring)
MPRegen 0.08/turn

%: no passive effects
@: no status effects
A: horns 2, retaliatory headbutt
a: no special abilities


You were on level 3 of the Dungeon.
You visited 1 branch of the dungeon, and saw 3 of its levels.

You collected 153 gold pieces.

Inventory:

Hand Weapons
 a - a +0 flail (weapon)
Armour
 b - a +0 scale mail (worn)
 c - a +0 buckler (worn)
Jewellery
 h - a ring of protection from cold (left hand)
Scrolls
 e - a scroll of fear {unknown}
 f - a scroll of noise {unknown}
 g - 2 scrolls of fog {unknown}
 k - 2 scrolls of teleportation {unknown}
 l - 3 scrolls of identify {unknown}
 o - 5 scrolls of blinking {unknown}
Potions
 d - a potion of might
 i - a potion of heal wounds {unknown}
 j - a potion of attraction {unknown}
 m - 2 potions of haste {unknown}
 n - a potion of lignification {unknown}


   Skills:
 - Level 3.6 Fighting
 + Level 5.3 Maces & Flails
 - Level 3.6 Armour
 - Level 3.6 Shields


You had 3 spell levels left.
You didn't know any spells.
Your spell library contained the following spells:

 Spells                   Type           Power      Damage    Failure   Level
 Wereblood                Tmut           0%         N/A       95%         2
 Call Canine Familiar     Summ           0%         N/A       99%         3
 Portal Projectile        Hex/Tloc       0%         N/A       99%         3
 Anguish                  Hex/Necr       0%         N/A       100%        4
 Leda's Liquefaction      Hex/Erth       0%         N/A       100%        4
 Dragon Form              Tmut           0%         N/A       100%        7


Dungeon Overview and Level Annotations

Branches:
Dungeon (3/15)

Altars:
Yredelemnul


Innate Abilities, Weirdness & Mutations

You have a pair of horns on your head.
You reflexively headbutt those who attack you in melee.


Message History

You are frozen.
You resist. The endoplasm hits you.
You hit the endoplasm. You headbutt the endoplasm.
You kill the endoplasm!
The orc priest mumbles some strange prayers to Beogh against you.
Beogh smites you!
* * * LOW HITPOINT WARNING * * *
You closely miss the orc wizard. The orc wizard misses you.
It was a potion of curing.
You feel better.
You feel better.
The orc wizard hits you but does no damage.
The orc hits you but does no damage.
You sock the orc!
You kill the orc!
The orc wizard points at you and mumbles some strange words.
You block the puff of flame.
You have reached level 4!
You feel agile.
Unknown command.
You barely miss the orc. The orc wizard closely misses you.
You block the orc's attack.
You thump the orc!
You kill the orc!
The orc priest closely misses you.
The orc wizard hits you with a +0 dagger.
The orc priest closely misses you.
The orc wizard points at you and mumbles some strange words.
The magic dart hits you.
Items here: )) ††.
You closely miss the orc priest.
The orc priest hits you with a +0 trident.
* * * LOW HITPOINT WARNING * * *
The orc wizard hits you with a +0 dagger.
* * * LOW HITPOINT WARNING * * *
You feel better.
The orc priest hits you with a +0 trident.
You block the orc wizard's attack.
You closely miss the orc priest.
The orc priest mumbles some strange prayers to Beogh against you.
Pain shoots through your body!
You die...

.......#... ...
......#. ....#
.....## ....# #
#....###....#
..(.#....#..#..#
.#.......#....#
.......##.....#.#
#...........o....#
#.##.#######@#####
#.##........o#
#..........###
#..........#
#..........#
#####..........#
...........#####
.##........#
...........#


You could see an orc priest and an orc wizard.

Vanquished Creatures
  2 adders
  A dart slug (D:3)
  2 orcs (D:3)
  7 ball pythons
  4 bats
  4 endoplasms
  2 giant cockroaches
  2 goblins
  3 hobgoblins
  3 jackals (D:1)
  7 kobolds
  2 quokkas
  3 frilled lizards
  2 rats (D:1)
44 creatures vanquished.

Notes
Turn   | Place    | Note
-------+----------+-------------------------------------------
     0 | D:1      | gruber the Minotaur Fighter began the quest for the Orb.
     0 | D:1      | Reached XP level 1. HP: 19/19 MP: 0/0
   132 | D:1      | Reached skill level 3 in Maces & Flails
   193 | D:1      | Reached XP level 2. HP: 22/24 MP: 1/1
   507 | D:1      | Reached skill level 4 in Maces & Flails
   841 | D:2      | Reached XP level 3. HP: 31/31 MP: 2/2
   962 | D:2      | Got the Papyrus of Transfiguration and Spellbinding
  1263 | D:3      | Found a basalt altar of Yredelemnul.
  1301 | D:3      | Reached skill level 5 in Maces & Flails
  1460 | D:3      | Reached XP level 4. HP: 20/39 MP: 3/3
  1465 | D:3      | Killed from afar by an orc priest

Illustrated notes

Levels and vault maps discovered:
D:1:      scummos_arrival_star, layout_loops_cross, minivault_19
D:2:      layout_loops_ring
D:3:      layout_basic, kiku_gazebo_pond_becter, old_standard_altar,
          mainiacjoe_overflow_surrounded_room, mrwooster_statue_mirror,
          minmay_misc_feat_chi, minmay_fractal_squares_gapless_5

Skill      XL: |  1  2  3 |
---------------+----------+-----
Maces & Flails | 3 4 5 |  5.3
Fighting       | |  3.6
Armour         | |  3.6
Shields        | |  3.6

Action                     |  1- 3 |  4- 6 || total
---------------------------+-------+-------++-------
  Melee: Flail             |    87 |     4 ||    91
         Headbutt          |    11 |       ||    11
    Use: Potion            |     2 |     1 ||     3
 Armour: Scale mail        |    50 |       ||    50
  Dodge: Dodged            |    38 |     3 ||    41
  Block: Buckler           |    22 |     2 ||    24

Table legend: (Time is in decaauts)
 A = Elapsed time spent in this place.
 B = Non-inter-level travel time spent in this place.
 C = Inter-level travel time spent in this place.
 D = Time resting spent in this place.
 E = Time spent auto-exploring this place.
 F = Levels seen in this place.
 G = Mean time per level.
                   A        B        C        D        E       F      G
               +--------+--------+--------+--------+--------+-----+--------+
         Total |   1484 |   1423 |     61 |      0 |   1165 |   3 |  494.7 |
       Dungeon |   1484 |   1423 |     61 |      0 |   1165 |   3 |  494.7 |
               +--------+--------+--------+--------+--------+-----+--------+

Top non-repeatable levels by time:
     D:1: 683 daAuts
     D:2: 587 daAuts
     D:3: 213 daAuts
